 Dungeon Crawl Stone Soup version 0.26.0-10-g1f06aea511 (webtiles) character file.

Game seed: 68678818983409544

4043 Arzdou the Slasher (level 10, -5/72 HPs)
             Began as a White Draconian Fire Elementalist on Jan 23, 2021.
             Was an Initiate of Sif Muna.
             Slain by a yak (7 damage)
             ... on level 9 of the Dungeon.
             The game lasted 00:52:15 (9840 turns).

Arzdou the Slasher (DrFE)                           Turns: 9840, Time: 00:52:16

Health: -5/72      AC:  9    Str: 10    XL:     10   Next: 4%
Magic:  11/13      EV: 15    Int: 18    God:    Sif Muna [......]
Gold:   757        SH:  0    Dex: 13    Spells: 5/13 levels left

rFire    + + .     SeeInvis .   q - +5 long sword of Reinforcement {holy, rF++ rC++}
rCold    + + +     Faith    .   (no shield)
rNeg     . . .     Spirit   .   (armour unavailable)
rPois    +         Reflect  .   (helmet restricted)
rElec    .         Harm     .   (no cloak)
rCorr    +         Rampage  .   x - +1 pair of gloves
Will     .....                  (no boots)
Stlth    ++........             h - amulet of magic regeneration
HPRegen  0.22/turn              m - ring of poison resistance
MPRegen  0.38/turn              w - ring of resist corrosion

@: about to teleport, short of breath, attractive
A: breathe frost, unfitting armour, horns 1, stinger 1, cold resistance 1, frail
1, cold-blooded, MP-powered wands, AC +7
a: Breathe Frost, Renounce Religion


You were on level 9 of the Dungeon.
You worshipped Sif Muna.
Sif Muna was noncommittal.
You visited 1 branch of the dungeon, and saw 9 of its levels.
You also visited: Ossuary.

You collected 1264 gold pieces.
You spent 507 gold pieces at shops.

Inventory:

Hand Weapons
 j - a +0 dagger of venom
 k - a +0 quarterstaff
 q - the +5 long sword of Reinforcement (weapon) {holy, rF++ rC++}
   (You found it on level 4 of the Dungeon)

   It has been blessed by the Shining One to cause great damage to the undead
   and demons.
   It greatly protects you from fire.
   It greatly protects you from cold.
Armour
 x - a +1 pair of gloves (worn)
Jewellery
 h - an amulet of magic regeneration (around neck)
 m - a ring of poison resistance (left hand)
 w - a ring of resist corrosion (right hand)
 y - an uncursed ring of protection from cold
Wands
 c - a wand of paralysis (4)
Scrolls
 a - 7 scrolls of remove curse
 b - 3 scrolls of identify
 d - a scroll of enchant armour
 e - 2 scrolls of amnesia
 g - 2 scrolls of immolation
 i - a scroll of blinking
 l - a scroll of fog
 z - 2 scrolls of magic mapping
 B - 2 scrolls of vulnerability
Potions
 f - 3 potions of degeneration
 n - 6 potions of curing
 o - a potion of flight
 p - a potion of magic {unknown}
 r - a potion of brilliance {unknown}
 t - a potion of attraction
 v - a potion of heal wounds {unknown}
 E - a potion of might


   Skills:
 + Level 5.3 Fighting
 - Level 0.7(4.4) Short Blades
 + Level 7.0(7.1) Long Blades
 - Level 2.1 Staves
 + Level 5.8 Dodging
 - Level 3.6 Stealth
 - Level 2.4 Spellcasting
 + Level 6.0 Conjurations
 + Level 5.6 Fire Magic
 + Level 1.0 Invocations


You had 5 spell levels left.
You knew the following spells:

 Your Spells              Type           Power        Failure   Level
a - Foxfire               Conj/Fire      92%          1%          1
b - Conjure Flame         Conj/Fire      23%          4%          3
c - Sticky Flame          Conj/Fire      23%          16%         4

Your spell library contained the following spells:

 Spells                   Type           Power        Failure   Level
 Inner Flame              Hex/Fire       12%          16%         3
 Ignite Poison            Fire/Tmut/Pois 8%           24%         3
 Fireball                 Conj/Fire      11%          41%         5
 Iskenderun's Mystic Bla  Conj/Tloc      13%          45%         4
 Olgreb's Toxic Radiance  Pois           2%           86%         4
 Simulacrum               Ice/Necr       1%           100%        6


Dungeon Overview and Level Annotations

Branches:
Dungeon (9/15)             Temple (0/1) D:5         Ossuary (visited)
   Lair: D:8-11         Orc: D:9-12

Altars:
Dithmenos
Gozag
Makhleb
Qazlal
Sif Muna
Trog
Wu Jian
Zin

Shops:
D:6 (*[*

Annotations:
D:3 3 runed translucent doors, Gypyx's ghost, amateur DgCj


Innate Abilities, Weirdness & Mutations

You can breathe waves of freezing cold.
You can buffet flying creatures when you breathe cold.
Your icy white scales are hard. (AC +7)
You cannot fit into any form of body armour.
Your flesh is cold resistant. (rC+)
You are cold-blooded and may be slowed by cold attacks.
You have a pair of small horns on your head.
Your tail ends in a poisonous barb.
You are frail. (-10% HP)
You expend magic power (3 MP) to strengthen your wands.


Message History

The yak closely misses you.
You riposte.
You hit the yak but do no damage. You headbutt the yak.
The yak is severely wounded.
The yak gores you.
* * * LOW HITPOINT WARNING * * *
You hit the yak.
You tail-slap the yak, but do no damage.
The yak is severely wounded.
The yak gores you!
* * * LOW HITPOINT WARNING * * *
The yak barely misses you.
As you read the scroll of teleportation, it crumbles to dust.
You feel strangely unstable. The yak gores you!
* * * LOW HITPOINT WARNING * * *
The yak completely misses you.
You riposte.
You hit the yak.
The yak is moderately wounded.
It was a potion of attraction.
You feel attractive to monsters. The yak gores you!
You die...

.....###.........#
..##...#.....(...#
..####.#.........#
..# #§#.........#
..# #.#.........#
..# #.'.........#
..# ###.........#
#### #######'###
...# #.Y@# ##.##
###Y### #..# #Y.†#
###.## ###'#
.....# ..# .....#
.># .....# ..#
...(..... ..#
.....#### ..#


You could see 3 yaks.

Vanquished Creatures
  Harold (D:7)
  Maggie (D:7)
  A ynoxinul (D:8)
  2 yaks (D:9)
  A steam dragon (D:8)
  Menkaure (D:4)
  A water moccasin (D:8)
  2 ice beasts (D:6)
  A black bear (D:9)
  2 ogres
  3 centaurs
  A big kobold (D:9)
  A bullfrog (D:7)
  3 elf skeletons (D:8)
  3 scorpions (D:6)
  A howler monkey (D:8)
  5 wights (D:7)
  3 jellies
  An orc priest (D:8)
  A human zombie (D:8)
  2 centaur skeletons
  A human skeleton (D:8)
  4 worker ants
  4 orc wizards
  8 big kobold zombies (Ossuary)
  A mummy (Ossuary)
  9 adders
  A shadow imp (D:7)
  A white imp (D:6)
  2 oozes
  An ufetubus (D:5)
  5 worms
  3 dart slugs
  7 leopard geckos
  14 orcs
  4 spectral bats (Ossuary)
  3 giant cockroaches
  9 goblins
  9 hobgoblins
  10 jackals
  6 quokkas
  A ball python (D:2)
  16 bats
  2 bat simulacra (Ossuary)
  9 frilled lizards
  4 gnoll zombies (Ossuary)
  5 goblin simulacra (Ossuary)
  4 goblin zombies (Ossuary)
  4 hobgoblin zombies (Ossuary)
  14 kobolds
  3 kobold simulacra (Ossuary)
  2 kobold zombies (Ossuary)
  9 orc zombies
  A quokka skeleton (D:7)
  6 rats
  3 rat simulacra (Ossuary)
  A spectral goblin (Ossuary)
  4 spectral kobolds (Ossuary)
  3 spectral rats (Ossuary)
230 creatures vanquished.

Vanquished Creatures (others)
  710 foxfires
710 creatures vanquished.

Grand Total: 940 creatures vanquished

Notes
Turn   | Place    | Note
-------+----------+-------------------------------------------
     0 | D:1      | Arzdou the Draconian Fire Elementalist began the quest for
                  | the Orb.
     0 | D:1      | Reached XP level 1. HP: 14/14 MP: 3/3
   159 | D:1      | Reached XP level 2. HP: 17/20 MP: 0/5
   868 | D:1      | Reached XP level 3. HP: 23/26 MP: 1/6
  1399 | D:2      | Reached XP level 4. HP: 33/33 MP: 1/7
  2367 | D:3      | Reached XP level 5. HP: 38/38 MP: 5/8
  2504 | D:3      | Found a runed translucent gate.
  2505 | D:3      | Found a runed translucent gate.
  2505 | D:3      | Noticed Gypyx's ghost (amateur DgCj)
  2506 | D:3      | Found a runed translucent gate.
  2578 | D:3      | Reached skill level 1 in Staves
  2631 | D:3      | Found a stormy altar of Qazlal.
  2841 | D:3      | Learned a level 3 spell: Conjure Flame
  3041 | D:4      | Noticed Menkaure
  3069 | D:4      | Killed Menkaure
  3070 | D:4      | Reached XP level 6. HP: 22/45 MP: 4/9
  3295 | D:4      | Found a burning altar of Makhleb.
  3295 | D:4      | Found a glowing silver altar of Zin.
  3296 | D:4      | Noticed an angel
  3296 | D:4      | Noticed a green death
  3634 | D:4      | Got a twisted long sword
  3635 | D:4      | Identified the +5 long sword of Reinforcement {holy, rF++
                  | rC++} (You found it on level 4 of the Dungeon)
  3754 | D:4      | Found an ornate altar of the Wu Jian Council.
  4343 | D:5      | Entered Level 5 of the Dungeon
  4438 | D:5      | Found an opulent altar of Gozag.
  4484 | D:5      | Reached skill level 1 in Long Blades
  4484 | D:5      | Your scales start taking on an icy white colour.
  4484 | D:5      | Reached XP level 7. HP: 16/50 MP: 10/10
  4484 | D:5      | Gained mutation: Your flesh is cold resistant. (rC+) [White
                  | Draconian growth]
  4855 | D:5      | Found a staircase to the Ecumenical Temple.
  4905 | D:5      | Reached skill level 2 in Long Blades
  5186 | D:5      | Found a shadowy altar of Dithmenos.
  5482 | D:6      | Reached skill level 1 in Fighting
  5527 | D:6      | Found Pudosee's Assorted Antiques.
  5623 | D:6      | Identified the +0 dagger of Vakuj {vorpal, rPois Int+3}
  5748 | D:6      | Reached skill level 3 in Long Blades
  6073 | D:6      | Reached XP level 8. HP: 61/61 MP: 7/11
  6302 | D:6      | Found Riagaph's Assorted Antiques.
  6310 | D:6      | Bought a glowing golden ring for 175 gold pieces
  6310 | D:6      | Bought a pair of gloves for 157 gold pieces
  6310 | D:6      | Bought a large bone ring for 175 gold pieces
  6318 | D:6      | Found Ciulagg's Antique Weapon Shop.
  6361 | D:6      | Found Xeywan's Armour Boutique.
  6371 | D:6      | Reached skill level 4 in Long Blades
  6878 | D:7      | Noticed Maggie
  6902 | D:7      | Killed Maggie
  7096 | D:7      | Gained mutation: Your tail ends in a poisonous barb.
                  | [potion of mutation]
  7096 | D:7      | Gained mutation: Your flesh is very cold resistant. (rC++)
                  | [potion of mutation]
  7097 | D:7      | Lost mutation: Your flesh is very cold resistant. (rC++)
                  | [potion of mutation]
  7097 | D:7      | Lost mutation: Your tail ends in a poisonous barb. [potion
                  | of mutation]
  7097 | D:7      | Gained mutation: You are dopey. (Int -2) [potion of
                  | mutation]
  7097 | D:7      | Gained mutation: Your body sometimes deteriorates upon
                  | taking damage. [potion of mutation]
  7097 | D:7      | Gained mutation: You are somewhat resistant to further
                  | mutation. [potion of mutation]
  7098 | D:7      | Lost mutation: You are dopey. (Int -2) [potion of mutation]
  7098 | D:7      | Lost mutation: Your body sometimes deteriorates upon taking
                  | damage. [potion of mutation]
  7098 | D:7      | Lost mutation: You are somewhat resistant to further
                  | mutation. [potion of mutation]
  7098 | D:7      | Gained mutation: You have a pair of small horns on your
                  | head. [potion of mutation]
  7098 | D:7      | Gained mutation: You are frail. (-10% HP) [potion of
                  | mutation]
  7098 | D:7      | Gained mutation: Your tail ends in a poisonous barb.
                  | [potion of mutation]
  7098 | D:7      | Gained mutation: You expend magic power (3 MP) to
                  | strengthen your wands. [potion of mutation]
  7125 | D:7      | Noticed Harold
  7271 | D:7      | Killed Harold
  7272 | D:7      | Reached skill level 5 in Long Blades
  7272 | D:7      | Reached skill level 5 in Dodging
  7272 | D:7      | Reached skill level 5 in Conjurations
  7272 | D:7      | Reached XP level 9. HP: 16/63 MP: 12/12
  7310 | D:7      | Reached skill level 5 in Fire Magic
  7313 | D:7      | Reached skill level 6 in Long Blades
  8202 | D:8      | Found a sand-covered staircase.
  8212 | Ossuary  | Entered an ossuary
  8832 | D:8      | Identified a scroll of acquirement
  8832 | D:8      | Acquired 513 gold pieces
  9214 | D:8      | Reached skill level 5 in Fighting
  9217 | D:8      | Found a shimmering blue altar of Sif Muna.
  9224 | D:8      | Noticed a troll
  9474 | D:8      | Identified Sif Muna's Tome of Translocation
  9477 | D:8      | Became a worshipper of Sif Muna the Loreminder
  9483 | D:8      | Learned a level 4 spell: Sticky Flame
  9488 | D:8      | Found a bloodstained altar of Trog.
  9729 | D:9      | Identified the Grimoire of Freezing Toxins
  9765 | D:9      | Reached skill level 7 in Long Blades
  9825 | D:9      | Reached XP level 10. HP: 56/72 MP: 5/13
  9831 | D:9      | Reached skill level 1 in Invocations
  9839 | D:9      | HP: 2/72 [yak (11)]
  9840 | D:9      | Slain by a yak

Illustrated notes

Levels and vault maps discovered:
D:1:      dpeg_arrival_subterranean_lakeside_camping, layout_loops_cross,
          minmay_indecisive_spiral
D:2:      layout_basic, minmay_misc_feat_ornament, minmay_diced_spiral
D:3:      layout_rooms, old_standard_altar, gammafunk_ghost_nasty_kobolds
D:4:      layout_loops_corners, grunt_temple_overflow_order_and_chaos_2,
          lemuel_coloured_pillars_altar, uniq_menkaure
D:5:      layout_basic, lemuel_doored_altar, nicolae_dithmenos_the_darkroom,
          minmay_temple_entry_from_below_b
D:6:      layout_loops_ring, serial_shops, nicolae_shop_waterfront,
          nicolae_shop_overgrown_old_shop, nicolae_shop_statue_plus,
          nicolae_shop_behind_doors
D:7:      layout_rooms, uniq_maggie, uniq_harold
D:8:      layout_loops_ring, nzn_overflow_gifts_of_might_and_magic,
          nicolae_ossuary_entry_catacombs, nicolae_underground_beach
D:9:      layout_roguey, chequers_jeans

Skill      XL: |  1  2  3  4  5  6  7  8  9 10 |
---------------+-------------------------------+-----
Stealth        | 2 3 |  3.6
Dodging        | 2 3 4 5 |  5.8
Conjurations   | 2 3 5 6 |  6.0
Staves         | 1 2 |  2.1
Fire Magic     | 4 3 4 5 |  5.6
Long Blades    | 1 3 5 7 |  7.0
Fighting       | 2 3 5 |  5.3
Invocations    | 1 |  1.0
Short Blades   | |  0.7
Spellcasting   | |  2.4

Action                   |  1- 3 |  4- 6 |  7- 9 | 10-12 || total
-------------------------+-------+-------+-------+-------++-------
Melee: Dagger            |    26 |     1 |       |       ||    27
       Quarterstaff      |       |    12 |       |       ||    12
       Tailslap          |       |     1 |    21 |     6 ||    28
       Long sword        |       |    10 |   191 |    11 ||   212
       Headbutt          |       |       |    22 |     3 ||    25
 Cast: Foxfire           |    80 |   156 |   305 |       ||   541
       Conjure Flame     |       |     2 |       |       ||     2
 Abil: Breathe Frost     |       |       |     5 |     1 ||     6
  Use: Scroll            |       |     1 |    29 |     1 ||    31
       Potion            |       |       |     4 |     1 ||     5
 Stab: Sleeping          |       |       |     5 |       ||     5
Armor: Skin              |    12 |    16 |    62 |       ||    90
Dodge: Dodged            |    56 |    38 |   175 |     8 ||   277
       Rpst.: Long sword |       |     6 |    42 |     4 ||    52
